 Dungeon Sprint DCSS version 0.24.0-1-gfbc8707 (webtiles) character file.

Game seed: 8408515495731891376, levelgen mode: deterministic

95239 Fang the Slayer (level 16, -32/124 HPs)
             Began as a Gargoyle Berserker on Nov 6, 2019.
             Was the Champion of Trog.
             Killed from afar by a deep elf annihilator (39 damage)
             ... with an iron shot
             ... in the Dungeon (Sprint V: "Ziggurat Sprint").
             The game lasted 00:07:05 (1697 turns).

Fang the Slayer (Gargoyle Berserker)                Turns: 1697, Time: 00:07:05

Health: -32/124    AC: 47    Str: 39    XL:     16   Next: 13%
Magic:  0/16       EV: 10    Int:  9    God:    Trog [******]
Gold:   0          SH: 36    Dex:  9    Spells: 15/15 levels left

rFire    . . .     SeeInvis .   a - +5 broad axe (flame)
rCold    . . .     Gourm    .   E - +18 shield of the Gong {rElec rN+ MR+ EV-5}
rNeg     + + .     Faith    .   b - +15 Maxwell's patent armour {-Cast -Tele rElec MR+ rCorr}
rPois    ∞         Spirit   +   U - +1 hat {MR+}
rElec    +         Reflect  .   B - scarf {Spirit}
rCorr    +         Harm     .   (no gloves)
MR       +++++     NoTele   +   z - +0 pair of boots {run} Stlth ..........NoCast +
                                x - amulet of regeneration
HPRegen  1.70/turn              D - +6 ring of strength
MPRegen  0.15/turn              C - +6 ring of strength

@: berserk cooldown, flying, regenerating, slowed, very slow
A: big wings, negative energy resistance 1, electricity resistance, unbreathing,
petrification resistance, rot immunity, AC +12
a: Stop Flying, Berserk, Trog's Hand, Brothers in Arms, Renounce Religion


You were in the Dungeon.
You worshipped Trog.
Trog was exalted by your worship.
You were near starving.

You visited 1 branch

Inventory:

Hand Weapons
 a - a +5 broad axe of flaming (weapon)
 y - the +7 executioner's axe "Zonemin" {flame, rF+ Int+6 Dex-5}
   (You found it in the Dungeon)

   It has been specially enchanted to burn those struck by it, causing extra
   injury to most foes and up to half again as much damage against particularly
   susceptible opponents.
   Big, fiery blades are also staple armaments of hydra-hunters.
   It affects your intelligence (+6).
   It affects your dexterity (-5).
   It protects you from fire.
 G - the +5 battleaxe "Sikeprea" {flame, rElec}
   (You found it in the Dungeon)

   It has been specially enchanted to burn those struck by it, causing extra
   injury to most foes and up to half again as much damage against particularly
   susceptible opponents.
   Big, fiery blades are also staple armaments of hydra-hunters.
   It insulates you from electricity.
 P - a +2 vampiric broad axe
Armour
 b - the +15 Maxwell's patent armour (worn) {-Cast -Tele rElec MR+ rCorr}
   (You found it in the Dungeon)

   It insulates you from electricity.
   It affects your resistance to hostile enchantments.
   It prevents spellcasting.
   It prevents most forms of teleportation.
   It provides partial protection from all sources of acid and corrosion.
 z - a +0 pair of boots of running (worn)
 B - a scarf of spirit shield (worn)
 E - the +18 shield of the Gong (worn) {rElec rN+ MR+ EV-5}
   (You found it in the Dungeon)

   It affects your evasion (-5).
   It insulates you from electricity.
   It protects you from negative energy.
   It affects your resistance to hostile enchantments.
 L - a +0 pair of boots of stealth
 U - a +1 hat of magic resistance (worn)
Jewellery
 x - an amulet of regeneration (around neck)
 A - the ring "Mynn" {rElec rF+ Int+2 Stlth+}
   (You took it off a yellow draconian in the Dungeon)

   [ring of intelligence]

   It affects your intelligence (+2).
   It protects you from fire.
   It insulates you from electricity.
   It makes you more stealthy.
 C - a +6 ring of strength (right hand)
 D - a +6 ring of strength (left hand)
 F - the amulet of Gluttony {Faith *Drain rElec Str+3 Slay+3}
   (You found it in the Dungeon)

   [amulet of faith]

   It allows you to gain divine favour quickly.
   It affects your strength (+3).
   It affects your accuracy and damage with ranged weapons and melee attacks
   (+3).
   It insulates you from electricity.
   It causes draining when unequipped.
 J - the ring of Veybla Ziah {rN+ MR+}
   (You found it in the Dungeon)

   [ring of positive energy]

   It protects you from negative energy.
   It affects your resistance to hostile enchantments.
 N - the ring of Reimbursement {rF+ rC+ Int+2}
   (You found it in the Dungeon)

   [ring of protection from fire]

   It affects your intelligence (+2).
   It protects you from fire.
   It protects you from cold.
 Q - an uncursed ring of protection from fire
Wands
 u - a wand of disintegration (7)
 v - a wand of iceblast (7)
 w - a wand of acid (7)
Scrolls
 i - 4 scrolls of blinking
 j - 8 scrolls of fog
 k - a scroll of holy word
 l - 5 scrolls of identify
 m - 5 scrolls of remove curse
 n - 2 scrolls of fear
 o - a scroll of brand weapon
Potions
 d - 10 potions of curing
 e - 22 potions of heal wounds
 f - 14 potions of haste
 h - 3 potions of berserk rage
 p - 2 potions of invisibility
 q - 4 potions of resistance
 s - 5 potions of agility
 t - 6 potions of might
Comestibles
 c - 6 rations
 r - 40 chunks of flesh


   Skills:
 * Level 22.9 Fighting
 * Level 19.9 Axes
 + Level 16.9 Armour
 + Level 13.6 Dodging
 * Level 22.7 Shields


You had 15 spell levels left.
You didn't know any spells.
Your spell library was empty.

Dungeon Overview and Level Annotations

Branches:
Dungeon (1/1)

Altars:
Ashenzari
Cheibriados
Dithmenos
Elyvilon
Fedhas
Gozag
Hepliaklqana
Kikubaaqudgha
Makhleb
Nemelex Xobeh
Okawaru
Qazlal
Ru
Sif Muna
Trog
Uskayaw
Vehumet
Wu Jian
Xom
Yredelemnul
Zin
The Shining One
Beogh
Jiyva
Lugonu

Annotations:
D 1 transporter


Innate Abilities, Weirdness & Mutations

You are resistant to torment.
Your stone body is resilient. (AC +12)
You are immune to poison.
Your large and strong wings let you fly indefinitely.
You resist negative energy. (rN+)
You are resistant to electric shocks. (rElec)
You can survive without breathing.
You are immune to petrification.
You are immune to rotting.


Message History

You block the deep elf annihilator's attack.
GONNNNG!
Something hits you but does no damage.
The deep elf mage casts a spell.
You slice the deep elf annihilator like a ripe choko!!!
You burn the deep elf annihilator.
The deep elf annihilator is almost dead.
You slash the deep elf mage! You burn the deep elf mage.
You slash the ice beast!
You melt the ice beast!
You slice something!! You burn something.
You block the +3 halberd of protection's attack.
SHROANNG!
Something hits you but does no damage.
The deep elf mage casts a spell.
The deep elf mage blinks!
The ice beast closely misses you. You block the deep elf mage's attack.
PTOANNNG!
The deep elf annihilator gestures at you while chanting.
The iron shot hits you!!!
You die...

......8©8......▓..:.))[
▓..[}||.::::.}..▓.......
▓..}."|.)}).))..▓.......
▓......[|}......▓.......
▓.....e....e....▓....†††
▓.....○...§.....▓.....)†
▓....e§E........▓....†.†
▓......eY(......▓..▓....
▓....○E@)).e....▓.......
▓.....e..)......▓.......
▓...▓.......▓...▓......©
▓..▓.▓.....▓.▓..▓▓▓▓▓▓▓▓
▓...▓.......▓...▓.....8©
...............▓..:|)))
▓.......©.......▓..)):|)
▓▓▓▓▓▓▓▓▓▓▓▓▓▓▓▓▓.......
▓.......


You could see 2 deep elf annihilators, a deep elf archer, 3 deep elf magi, 2
fire elementals, an ice beast and a +3 halberd of protection.

Vanquished Creatures
  A tentacled monstrosity (D)
  A titan (D)
  2 deep elf blademasters (D)
  A deep elf master archer (D)
  A shadow dragon (D)
  A fire giant (D)
  3 deep elf sorcerers (D)
  2 emperor scorpions (D)
  3 stone giants (D)
  2 black draconians (D)
  A deep elf demonologist (D)
  2 purple draconians (D)
  2 red draconians (D)
  5 yellow draconians (D)
  A blizzard demon (D)
  3 merfolk javelineers (D)
  4 merfolk impalers (D)
  A mummy priest (D)
  A deep elf high priest (D)
  15 vault guards (D)
  3 fire dragons (D)
  A merfolk aquamancer (D)
  3 dancing weapons (D)
  3 death scarabs (D)
  2 hell hogs (D)
  A soul eater (D)
  A deep elf knight (D)
  A sea snake (D)
  A deep elf archer (D)
  A phantasmal warrior (D)
  6 deep elf magi (D)
  An orb spider (D)
  A manticore (D)
  2 salamanders (shapeshifter) (D)
  An ugly thing (D)
  5 wolf spiders (D)
  5 efreet (D)
  A demonic crawler (D)
  A freezing wraith (D)
  3 yaktaurs (D)
  2 ice devils (D)
  4 guardian mummies (D)
  3 jumping spiders (D)
  A queen bee (shapeshifter) (D)
  A meliai (shapeshifter) (D)
  A wind drake (D)
  4 merfolk (D)
  A polar bear (shapeshifter) (D)
  3 hornets (D)
  A raiju (shapeshifter) (D)
  A hippogriff (shapeshifter) (D)
  A snapping turtle (D)
  2 flying skulls (D)
  4 air elementals (D)
  3 redbacks (D)
  3 spriggans (D)
  2 tarantellas (D)
  A redback (shapeshifter) (D)
  A water elemental (D)
  An ushabti (D)
  3 wraiths (D)
  5 fire elementals (D)
  A hungry ghost (D)
  A basilisk (shapeshifter) (D)
  A neqoxec (D)
  4 insubstantial wisps (D)
  A water moccasin (D)
  A naga (D)
  4 hell hounds (D)
  An ice beast (D)
  2 phantoms (D)
  2 necrophages (D)
  A tengu (shapeshifter) (D)
  4 wolves (D)
  2 bullfrogs (D)
  2 scorpions (D)
  A crimson imp (D)
  An iguana (D)
  9 mummies (D)
  2 adders (D)
  A river rat (D)
  2 white imps (D)
  An adder zombie (D)
  2 adder skeletons (D)
  A bat skeleton (D)
  A jackal (D)
  A ball python (D)
  A ball python skeleton (D)
  A leopard gecko simulacrum (D)
  A leopard gecko skeleton (D)
  A quokka simulacrum (D)
  A quokka skeleton (D)
  A quokka zombie (D)
  A fire vortex (D)
199 creatures vanquished.

Vanquished Creatures (others)
  2 spriggan air magi (D)
  4 wind drakes (D)
  An insubstantial wisp (D)
7 creatures vanquished.

Grand Total: 206 creatures vanquished

Notes
Turn   | Place    | Note
-------+----------+-------------------------------------------
     0 | D        | Fang the Gargoyle Berserker began the quest for the Orb.
     0 | D        | Reached XP level 1. HP: 14/14 MP: 1/1
     0 | D        | Found a blossoming altar of Fedhas.
     1 | D        | Found the +6 Majin-Bo {vamp, Archmagi MP+6 Int+6}
     1 | D        | Found the +7 great mace "Firestarter" {inner flame, rF++}
     1 | D        | Found a transporter.
     1 | D        | Found a viscous altar of Jiyva.
     1 | D        | Found an ancient bone altar of Kikubaaqudgha.
     1 | D        | Found a hazy altar of Hepliaklqana.
     1 | D        | Found a corrupted altar of Lugonu.
     1 | D        | Found an opulent altar of Gozag.
     1 | D        | Found a burning altar of Makhleb.
    19 | D        | Found a stormy altar of Qazlal.
    19 | D        | Found an iron altar of Okawaru.
    19 | D        | Found a sacrificial altar of Ru.
    19 | D        | Found a sparkling altar of Nemelex Xobeh.
    19 | D        | Found a shimmering blue altar of Sif Muna.
    19 | D        | Found a bloodstained altar of Trog.
    26 | D        | Found the +9 heavy crossbow "Sniper" {velocity, Acc+∞ SInv}
    26 | D        | Found the +10 dark maul {crush}
    26 | D        | Found the +15 Maxwell's patent armour {-Cast -Tele rElec
                  | MR+ rCorr}
    26 | D        | Found the +18 shield of the Gong {rElec rN+ MR+ EV-5}
    26 | D        | Found the cursed +14 obsidian axe {chop, +Fly SInv *Curse}
    81 | D        | Entered arena 2.
    81 | D        | Noticed a naga
    81 | D        | Found a transporter.
    88 | D        | Killed a naga
    88 | D        | Reached skill level 5 in Fighting
    88 | D        | Reached XP level 2. HP: 22/22 MP: 2/2
    88 | D        | Reached XP level 3. HP: 27/27 MP: 3/3
    88 | D        | Reached XP level 4. HP: 32/32 MP: 4/4
   187 | D        | Entered arena 3.
   187 | D        | Noticed a water moccasin
   187 | D        | Found a transporter.
   190 | D        | Reached ** piety under Trog
   190 | D        | Reached skill level 5 in Axes
   197 | D        | Killed a water moccasin
   197 | D        | Reached XP level 5. HP: 38/38 MP: 5/5
   197 | D        | Reached skill level 5 in Armour
   197 | D        | Reached XP level 6. HP: 44/44 MP: 6/6
   207 | D        | Entered arena 4.
   207 | D        | Noticed a jumping spider
   207 | D        | Noticed a tarantella
   207 | D        | Found a transporter.
   222 | D        | Reached *** piety under Trog
   224 | D        | Killed a tarantella
   224 | D        | Reached XP level 7. HP: 37/50 MP: 7/7
   239 | D        | Killed a jumping spider
   239 | D        | Reached skill level 5 in Dodging
   249 | D        | Entered arena 5.
   249 | D        | Noticed an insubstantial wisp
   249 | D        | Noticed an insubstantial wisp
   249 | D        | Noticed an insubstantial wisp
   249 | D        | Noticed an insubstantial wisp
   249 | D        | Found a transporter.
   253 | D        | Killed an insubstantial wisp
   254 | D        | Killed an insubstantial wisp
   254 | D        | Reached **** piety under Trog
   254 | D        | Reached skill level 10 in Fighting
   254 | D        | Reached XP level 8. HP: 57/57 MP: 8/8
   332 | D        | Entered arena 6.
   332 | D        | Found a transporter.
   336 | D        | Reached ***** piety under Trog
   336 | D        | Reached skill level 10 in Shields
   348 | D        | Got the amulet "Hoapen" {Inacc +Inv rC+}
   353 | D        | Entered arena 7.
   353 | D        | Noticed an ice devil
   353 | D        | Noticed an ice devil
   353 | D        | Noticed a soul eater
   354 | D        | Found a transporter.
   359 | D        | Killed an ice devil
   361 | D        | Received a gift from Trog
   366 | D        | Killed an ice devil
   366 | D        | Reached XP level 9. HP: 64/64 MP: 9/9
   372 | D        | Killed a soul eater
   372 | D        | Reached skill level 10 in Axes
   409 | D        | Entered arena 8.
   409 | D        | Noticed a deep elf mage
   409 | D        | Noticed a deep elf mage
   409 | D        | Noticed a deep elf knight
   409 | D        | Noticed a deep elf archer
   409 | D        | Noticed a deep elf demonologist
   411 | D        | Found a transporter.
   416 | D        | Killed a deep elf demonologist
   416 | D        | Received a gift from Trog
   416 | D        | Reached XP level 10. HP: 72/72 MP: 2/10
   418 | D        | Reached ****** piety under Trog
   418 | D        | Killed a deep elf mage
   433 | D        | Killed a deep elf knight
   437 | D        | Killed a deep elf mage
   443 | D        | Killed a deep elf archer
   498 | D        | Entered arena 9.
   499 | D        | Found the +5 robe of Night {Dark MR+ SInv}
   504 | D        | Reached skill level 10 in Armour
   506 | D        | Received a gift from Trog
   510 | D        | Found a transporter.
   529 | D        | Entered arena 10.
   529 | D        | Noticed a death scarab
   530 | D        | Identified the +4 battleaxe of Kiegratu {drain, rElec rPois
                  | Stlth+}
   530 | D        | Found a transporter.
   539 | D        | Reached XP level 11. HP: 80/80 MP: 9/11
   548 | D        | Killed a death scarab
   671 | D        | Entered arena 11.
   672 | D        | Found the ring of the Mage {Wiz MR++ Int+3}
   672 | D        | Found a transporter.
   678 | D        | Received a gift from Trog
   696 | D        | Got the ring of Veybla Ziah {rN+ MR+}
   724 | D        | Entered arena 12.
   724 | D        | Noticed a brown ugly thing
   724 | D        | Noticed a swamp dragon
   725 | D        | Noticed a swamp dragon
   726 | D        | Noticed a shining eye
   726 | D        | a swamp dragon changed into a shining eye
   727 | D        | Noticed a two-headed ogre
   727 | D        | a swamp dragon changed into a two-headed ogre
   727 | D        | Noticed a cyclops
   727 | D        | a shining eye changed into a cyclops
   731 | D        | a two-headed ogre changed into a floating eye
   733 | D        | Killed a brown ugly thing
   733 | D        | Received a gift from Trog
   735 | D        | Noticed a salamander
   735 | D        | a cyclops changed into a salamander
   738 | D        | Reached skill level 15 in Fighting
   738 | D        | Received a gift from Trog
   743 | D        | Killed a salamander
   743 | D        | Reached skill level 15 in Shields
   744 | D        | Found a transporter.
   801 | D        | Entered arena 13.
   802 | D        | Noticed a phantasmal warrior
   802 | D        | Noticed a blizzard demon
   808 | D        | Killed a phantasmal warrior
   809 | D        | Received a gift from Trog
   817 | D        | Received a gift from Trog
   818 | D        | Killed a blizzard demon
   862 | D        | Found a transporter.
   872 | D        | Got the +7 executioner's axe "Zonemin" {flame, rF+ Int+6
                  | Dex-5}
   885 | D        | Identified a +0 pair of boots of running (You found it in
                  | the Dungeon)
   889 | D        | Entered arena 14.
   890 | D        | Noticed a yellow draconian
   890 | D        | Noticed a tentacled monstrosity
   890 | D        | Noticed a red draconian
   890 | D        | Noticed a black draconian
   890 | D        | Noticed a yellow draconian
   890 | D        | Noticed a purple draconian
   890 | D        | Noticed a yellow draconian
   891 | D        | Found the +3 sling "Punk" {acid, rCorr}
   891 | D        | Identified the +6 lajatang of Zin's Approval {slice, Int+3}
   891 | D        | Noticed a yellow draconian
   891 | D        | Noticed a red draconian
   891 | D        | Identified the +3 flail "Ricam" {drain, +Rage}
   891 | D        | Noticed a purple draconian
   891 | D        | Identified the ring "Mynn" {rElec rF+ Int+2 Stlth+}
   891 | D        | Noticed a yellow draconian
   891 | D        | Noticed a black draconian
   892 | D        | Found a transporter.
   903 | D        | Killed a tentacled monstrosity
   903 | D        | Received a gift from Trog
   903 | D        | Reached XP level 12. HP: 88/88 MP: 7/12
   906 | D        | Killed a yellow draconian
   907 | D        | Killed a red draconian
   910 | D        | Killed a yellow draconian
   910 | D        | Killed a black draconian
   914 | D        | Killed a purple draconian
   914 | D        | Reached skill level 10 in Dodging
   916 | D        | Killed a yellow draconian
   916 | D        | Killed a purple draconian
   916 | D        | Reached skill level 15 in Axes
   917 | D        | Killed a red draconian
   917 | D        | Received a gift from Trog
   920 | D        | Killed a black draconian
   927 | D        | Killed a yellow draconian
   927 | D        | Reached XP level 13. HP: 97/97 MP: 7/13
   938 | D        | Killed a yellow draconian
   939 | D        | Gained mutation: Your large and strong wings let you fly
                  | indefinitely. [Gargoyle growth]
   939 | D        | Reached XP level 14. HP: 97/104 MP: 6/14
  1011 | D        | Entered arena 15.
  1012 | D        | Noticed a titan
  1014 | D        | Found a transporter.
  1025 | D        | Killed a titan
  1025 | D        | Received a gift from Trog
  1050 | D        | Got the amulet of Gluttony {Faith *Drain rElec Str+3
                  | Slay+3}
  1054 | D        | Got the +5 battleaxe "Sikeprea" {flame, rElec}
  1070 | D        | Entered arena 16.
  1078 | D        | Found a transporter.
  1084 | D        | Received a gift from Trog
  1096 | D        | Received a gift from Trog
  1112 | D        | Noticed a reaper
  1242 | D        | Entered arena 17.
  1246 | D        | Identified the +5 plate armour of Sewnih {Dex+3}
  1246 | D        | Identified the +9 long sword "Worm" {antimagic, *Corrode
                  | +Fly rC+++ Str-3}
  1256 | D        | Found a transporter.
  1266 | D        | Received a gift from Trog
  1283 | D        | Received a gift from Trog
  1349 | D        | Entered arena 18.
  1352 | D        | Noticed an emperor scorpion
  1353 | D        | Noticed an emperor scorpion
  1355 | D        | Found a transporter.
  1361 | D        | Received a gift from Trog
  1366 | D        | Received a gift from Trog
  1376 | D        | Killed an emperor scorpion
  1378 | D        | Killed an emperor scorpion
  1404 | D        | Got the ring of Reimbursement {rF+ rC+ Int+2}
  1421 | D        | Entered arena 19.
  1423 | D        | Received a gift from Trog
  1427 | D        | Noticed a fire giant
  1428 | D        | Found the +8 autumn katana {slice, Clar}
  1429 | D        | Found a transporter.
  1436 | D        | Reached XP level 15. HP: 95/112 MP: 8/15
  1436 | D        | Received a gift from Trog
  1441 | D        | Reached skill level 15 in Armour
  1443 | D        | Killed a fire giant
  1444 | D        | Received a gift from Trog
  1455 | D        | Received a gift from Trog
  1514 | D        | Entered arena 20.
  1519 | D        | Noticed a shadow dragon
  1522 | D        | Found a transporter.
  1536 | D        | Received a gift from Trog
  1543 | D        | Killed a shadow dragon
  1545 | D        | Received a gift from Trog
  1659 | D        | Entered arena 21.
  1663 | D        | Noticed a deep elf blademaster
  1663 | D        | Noticed a deep elf sorcerer
  1664 | D        | Noticed a deep elf master archer
  1664 | D        | Noticed a deep elf sorcerer
  1664 | D        | Noticed a deep elf sorcerer
  1664 | D        | Noticed a deep elf blademaster
  1664 | D        | Identified the +1 robe of Melancholy {Str+2}
  1665 | D        | Identified the ring "Caluedes" {rN+ Stlth+}
  1674 | D        | Received a gift from Trog
  1675 | D        | Killed a deep elf blademaster
  1677 | D        | Killed a deep elf blademaster
  1677 | D        | Received a gift from Trog
  1682 | D        | Killed a deep elf sorcerer
  1683 | D        | Killed a deep elf sorcerer
  1683 | D        | Received a gift from Trog
  1683 | D        | Reached XP level 16. HP: 73/124 MP: 5/16
  1685 | D        | Found a transporter.
  1686 | D        | Killed a deep elf master archer
  1696 | D        | HP: 5/124 [something/shard of ice (27)]
  1697 | D        | Killed from afar by a deep elf annihilator

Levels and vault maps discovered:
D:        sprint_v [room_start, room_1, room_2, room_3, room_4, room_5, room_6,
          room_7, room_8, room_9, room_10, room_11, room_12, room_13, room_14,
          room_15, room_16, room_17, room_18, room_19, room_20, room_21,
          room_22, room_23, room_24, room_25, room_26, room_27]

Skill      XL: |  1  2  3  4  5  6  7  8  9 10 11 12 13 14 15 |
---------------+----------------------------------------------+-----
Fighting       | 5 7 8 10 11 12 14 16 17 18 20 22 | 22.9
Axes           | 4 6 7 8 9 10 12 14 15 17 19 | 19.9
Armour         | 4 5 6 8 9 10 11 13 14 16 | 16.9
Dodging        | 2 3 4 5 6 8 9 10 11 13 | 13.6
Shields        | 4 6 8 9 10 12 13 16 17 20 22 | 22.7

Action                   |  1- 3 |  4- 6 |  7- 9 | 10-12 | 13-15 | 16-18 || total
-------------------------+-------+-------+-------+-------+-------+-------++-------
Melee: Broad axe         |     5 |    20 |    60 |   136 |   213 |     9 ||   443
Invok: Berserk           |     1 |       |     3 |     4 |     7 |       ||    15
       Trog's Hand       |       |       |       |       |       |     1 ||     1
 Abil: Fly               |       |       |       |       |     1 |       ||     1
  Use: Scroll            |       |     1 |       |       |     2 |       ||     3
       Potion            |       |       |       |       |     1 |       ||     1
  Eat: Chunk             |       |       |     2 |     2 |     8 |       ||    12
       Ration            |       |       |       |     1 |       |       ||     1
Armor: Plate armour      |     1 |    43 |    25 |    72 |   131 |    11 ||   283
Dodge: Dodged            |       |    10 |     3 |    18 |    37 |     3 ||    71
Block: Shield            |     7 |    38 |    88 |   231 |   367 |    24 ||   755
